 Dungeon Crawl Stone Soup version 0.13-a0-1553-g7307ddf (webtiles) character file.

341 Kae the Charmwright (level 5, 0/39 HPs)
             Began as a Demonspawn Skald on June 10, 2013.
             Succumbed to a kobold's poison
             ... on Level 3 of the Dungeon.
             The game lasted 00:06:42 (2440 turns).

Kae the Charmwright (Demonspawn Skald)              Turns: 2440, Time: 00:06:42

HP   0/39        AC  3     Str 12      XL: 5   Next:  9%
MP   8/8         EV 11     Int 13      God:
Gold 192         SH  0     Dex 14      Spells:  3 memorised,  3 levels left

Res.Fire  : . . .   See Invis. : .   a - +1 mace
Res.Cold  : . . .   Warding    : .   b - +0 leather armour
Life Prot.: . . .   Conserve   : .   (no shield)
Res.Poison: .       Res.Corr.  : .   (no helmet)
Res.Elec. : .       Clarity    : .   (no cloak)
Sust.Abil.: . .     Spirit.Shd : .   (no gloves)
Res.Mut.  : .       Stasis     : .   (no boots)
Res.Rott. : .       Flight     : .   (no amulet)
Saprovore : . . .                    (no ring)
                                     (no ring)

@: quite poisoned, hasted and slowed, slightly resistant to hostile
enchantments, very unstealthy
A: hooves 1, demonic guardian 1
a: no special abilities


You were on level 3 of the Dungeon.
You were hungry.

You visited 1 branch of the dungeon, and saw 3 of its levels.

You collected 172 gold pieces.

Inventory:

Hand weapons
 a - a +1,+1 mace (weapon)
Armour
 b - a +0 leather armour (worn)
Comestibles
 f - 3 bread rations
 r - an apricot
 s - a rambutan
 t - a meat ration
Scrolls
 e - 2 scrolls of noise {unknown}
 g - 3 scrolls of enchant armour {unknown}
 h - 2 scrolls of teleportation {unknown}
 i - 7 scrolls of identify {unknown}
 l - 2 scrolls of curse jewellery {unknown}
 m - a scroll of fear {unknown}
 p - 3 scrolls of curse weapon {unknown}
 v - a scroll of remove curse {unknown}
Jewellery
 k - an uncursed ring of poison resistance {unknown}
 q - a +5 ring of evasion {unknown}
 w - an uncursed ring of fire {unknown}
Potions
 d - a potion of berserk rage
 j - 2 potions of curing {unknown}
 n - 2 potions of slowing
 o - a potion of speed
 x - a potion of mutation {unknown}
Books
 c - a book of War Chants

   Spells                             Type                      Level
   *Fire Brand                        Charms/Fire                  2
   Freezing Aura                      Charms/Ice                   2
   *Shroud of Golubria                Charms/Translocation         2
   *Repel Missiles                    Charms/Air                   2
   Poison Weapon                      Charms/Poison                3
   Regeneration                       Charms/Necromancy            3


   Skills:
 + Level 2.7 Fighting
 + Level 2.5 Maces & Flails
 + Level 1.6 Armour
 + Level 1.8 Dodging
 + Level 2.6 Spellcasting
 * Level 3.4 Charms
 + Level 0.1 Translocations


You had 3 spell levels left.
You knew the following spells:

 Your Spells              Type           Power        Failure   Level  Hunger
a - Fire Brand            Chrm/Fire      #.........   21%         2    ###....
b - Shroud of Golubria    Chrm/Tloc      #.........   21%         2    ###....
c - Repel Missiles        Chrm/Air       #.........   21%         2    ###....


Dungeon Overview and Level Annotations

Branches:
Dungeon (3/27)

Altars:
Yredelemnul


Innate Abilities, Weirdness & Mutations

You have large cloven feet.
A weak demonic guardian rushes to your aid.


Message History

You start resting.
* * * LOW HITPOINT WARNING * * *
You feel sick.
You start resting.
* * * LOW HITPOINT WARNING * * *
You feel sick.
You start resting.
* * * LOW HITPOINT WARNING * * *
You feel sick.
You start resting.
* * * LOW HITPOINT WARNING * * *
You feel sick.
Drink which item? (? for menu, Esc to quit)
You feel yourself slow down.
It was a potion of slowing.
* * * LOW HITPOINT WARNING * * *
You feel sick.
You feel a little better.
Drink which item? (? for menu, Esc to quit)
You feel yourself speed up.
It was a potion of speed.
You die...

############# ####
#.....<.....##########...
#########....................#.#.
#.........#..###.##).####^###..#.
#.#######.#..# #.##>.# #.# #.)#.
#.# #.#..# #.##(.####.###....
#.#######.#..###@>.(.........#.#.
#.#........(^((.##.............#.
#.#.#####(#..##.##...#########.#.
#.#.#####.#..##.##...# #.#.
#....#.......##.##.(.# #(#.
#....#.##...%...##.(.# #.#.
##...#.#####.#..##...##### #.#.
##.....%.......##.......#####...
#.##.####....###..####.........


There were no monsters in sight!

Vanquished Creatures
  2 big fish zombies (D:2)
  5 adders
  2 giant mites (D:3)
  A worm (D:2)
  A giant gecko (D:1)
  An ooze (D:2)
  2 orcs (D:3)
  3 giant cockroaches
  5 goblins
  3 hobgoblins (D:2)
  7 kobolds
  A quokka (D:2)
  4 bats
  5 giant newts
  2 jackals (D:3)
  5 rats
49 creatures vanquished.

Notes
Turn   | Place    | Note
--------------------------------------------------------------
     0 | D:1      | Kae, the Demonspawn Skald, began the quest for the Orb.
     0 | D:1      | Reached XP level 1. HP: 16/16 MP: 1/1
    35 | D:1      | Reached skill level 1 in Dodging
   418 | D:1      | Reached skill level 1 in Armour
   418 | D:1      | Gained mutation: You have large cloven feet. [demonic ancestry]
   418 | D:1      | Reached XP level 2. HP: 17/22 MP: 3/3
   649 | D:2      | Learned a level 2 spell: Fire Brand
   652 | D:2      | Learned a level 2 spell: Shroud of Golubria
  1065 | D:2      | Reached XP level 3. HP: 22/27 MP: 1/4
  1071 | D:2      | Reached skill level 3 in Charms
  1075 | D:2      | Found a basalt altar of Yredelemnul.
  1237 | D:2      | Reached XP level 4. HP: 13/34 MP: 3/6
  1802 | D:2      | Learned a level 2 spell: Repel Missiles
  2168 | D:3      | Gained mutation: A weak demonic guardian rushes to your aid. [demonic ancestry]
  2168 | D:3      | Reached XP level 5. HP: 36/39 MP: 5/8
  2439 | D:3      | HP: 1/39 [poisoned by a kobold]
  2440 | D:3      | Succumbed to a kobold's poison

Action                   |  1- 3 |  4- 6 || total
-------------------------+-------+-------++-------
Melee: Mace              |    76 |    72 ||   148
 Cast: Shroud of Golubri |     2 |     6 ||     8
       Fire Brand        |     1 |     1 ||     2
  Use: Potion            |       |     2 ||     2
